TOP OF THE 1ST |
Elizabethton Twins batting - Pitching for Greeneville Astros : RHP Tony Barrios
|
Pitching: RHP Tony Barrios
|
|
Batting: RHB Fhil Mikrakin
|
0-0: Called Strike 0-1: Ball 1-1: Swinging Strike 1-2: Strikes out swinging
|
Batting: RHB Ryan Starks
|
0-0: Ball 1-0: Fly out, F8 (Flyball, 8LD, EV 105.0 MPH)
|
Batting: RHB Josh Harmon
|
0-0: Ball 1-0: SINGLE (Flyball, 78S, EV 86.2 MPH)
|
Batting: LHB Bill Lorimer
|
0-0: Ball 1-0: Called Strike 1-1: Called Strike 1-2: Ground out 4-3 (Groundball, 4, EV 86.9 MPH)
|
Top of the 1st over - 0 runs, 1 hit, 0 errors, 1 left on base; Elizabethton 0 - Greeneville 0 |
BOTTOM OF THE 1ST |
Greeneville Astros batting - Pitching for Elizabethton Twins : RHP Tony Icamen
|
Pitching: RHP Tony Icamen
|
|
Batting: RHB John Moore
|
0-0: Called Strike 0-1: Swinging Strike 0-2: Ball 1-2: Ball 2-2: Strikes out swinging
|
Batting: RHB Keith Goodwin
|
0-0: Ball 1-0: Ball 2-0: Called Strike 2-1: SOLO HOME RUN (Flyball, 7D, EV 102.5 MPH), Distance : 388 ft
|
Batting: RHB Hugo Priego
|
0-0: Ball 1-0: Swinging Strike 1-1: Ball 2-1: Foul Ball, location: 2F 2-2: Ground out 4-3 (Groundball, 4M, EV 87.5 MPH)
|
Batting: RHB Roger Pelley
|
0-0: Called Strike 0-1: Foul Ball, location: 2F 0-2: Strikes out swinging
|
Bottom of the 1st over - 1 run, 1 hit, 0 errors, 0 left on base; Elizabethton 0 - Greeneville 1 |
TOP OF THE 2ND |
Elizabethton Twins batting - Pitching for Greeneville Astros : RHP Tony Barrios
|
Batting: SHB Nadhir Umayr
|
0-0: Ball 1-0: Ball 2-0: Foul Ball, location: 2F 2-1: Swinging Strike 2-2: DOUBLE (Line Drive, 89M, EV 107.5 MPH)
|
Batting: RHB Nestor Moreno
|
0-0: Ball 1-0: Foul Ball, location: 2F 1-1: Ball 2-1: Swinging Strike 2-2: Ball Wild Pitch! Nadhir Umayr to third 3-2: Foul Ball, location: 2F 3-2: Foul Ball, location: 2F 3-2: Base on Balls
|
Batting: SHB Ed Mosqueda
|
0-0: Called Strike 0-1: Ball 1-1: Ball Nestor Moreno is caught stealing 2nd base 2-6 2-1: Foul Ball, location: 2F 2-2: Ground out 4-3 (Groundball, 4, EV 87.5 MPH) Nadhir Umayr scores
|
Batting: RHB Hisao Takei
|
0-0: Called Strike 0-1: Foul Ball, location: 2F 0-2: Ball 1-2: Strikes out swinging
|
Top of the 2nd over - 1 run, 1 hit, 0 errors, 0 left on base; Elizabethton 1 - Greeneville 1 |
BOTTOM OF THE 2ND |
Greeneville Astros batting - Pitching for Elizabethton Twins : RHP Tony Icamen
|
Batting: RHB Jarno van Lente
|
0-0: Called Strike 0-1: Ball 1-1: Ground out 6-3 (Groundball, 6, EV 89.4 MPH)
|
Batting: LHB Ryan Fridley
|
0-0: Ball 1-0: Called Strike 1-1: Ball 2-1: Ball 3-1: Called Strike 3-2: Foul Ball, location: 2F 3-2: Strikes out swinging
|
Batting: RHB Domingas Saragoa
|
0-0: Foul Ball, location: 2F 0-1: Foul Ball, location: 2F 0-2: Strikes out looking
|
Bottom of the 2nd over - 0 runs, 0 hits, 0 errors, 0 left on base; Elizabethton 1 - Greeneville 1 |
TOP OF THE 3RD |
Elizabethton Twins batting - Pitching for Greeneville Astros : RHP Tony Barrios
|
Batting: LHB Raul Aldaz
|
0-0: Ball 1-0: Called Strike 1-1: Ball 2-1: Ball 3-1: Foul Ball, location: 2F 3-2: Base on Balls
|
Batting: RHB Fhil Mikrakin
|
0-0: Foul Ball, location: 2F 0-1: Ball 1-1: Fly out, F3 (Popup, 23F, EV 86.2 MPH)
|
Batting: RHB Ryan Starks
|
Pickoff Play to 1st, Runner tries for 2nd, OUT after rundown. 0-0: Ball 1-0: Ball 2-0: Ball 3-0: Called Strike 3-1: DOUBLE (Line Drive, 89M, EV 108.8 MPH)
|
Batting: RHB Josh Harmon
|
0-0: Ball 1-0: Swinging Strike 1-1: Called Strike 1-2: Ball 2-2: Ball 3-2: Foul Ball, location: 2F 3-2: Base on Balls
|
Batting: LHB Bill Lorimer
|
0-0: Called Strike 0-1: Foul Ball, location: 2F 0-2: Strikes out swinging
|
Top of the 3rd over - 0 runs, 1 hit, 0 errors, 2 left on base; Elizabethton 1 - Greeneville 1 |
BOTTOM OF THE 3RD |
Greeneville Astros batting - Pitching for Elizabethton Twins : RHP Tony Icamen
|
Batting: LHB Gong Tow
|
0-0: Ball 1-0: Swinging Strike 1-1: Called Strike 1-2: Strikes out swinging
|
Batting: RHB Devon Healy
|
0-0: Called Strike 0-1: Swinging Strike 0-2: Strikes out swinging
|
Batting: RHB John Moore
|
0-0: Ball 1-0: Foul Ball, location: 2F 1-1: Ball 2-1: Ball 3-1: Base on Balls
|
Batting: RHB Keith Goodwin
|
0-0: Ball 1-0: Ball 2-0: Called Strike 2-1: Called Strike 2-2: Ball 3-2: Foul Ball, location: 2F 3-2: Base on Balls John Moore to second
|
Batting: RHB Hugo Priego
|
0-0: Called Strike 0-1: Ball 1-1: Ball 2-1: Ball 3-1: Base on Balls John Moore to third Keith Goodwin to second
|
Batting: RHB Roger Pelley
|
0-0: Foul Ball, location: 2F 0-1: Ball 1-1: Ball 2-1: Fly out, F9 (Flyball, 9S, EV 88.8 MPH)
|
Bottom of the 3rd over - 0 runs, 0 hits, 0 errors, 3 left on base; Elizabethton 1 - Greeneville 1 |
TOP OF THE 4TH |
Elizabethton Twins batting - Pitching for Greeneville Astros : RHP Tony Barrios
|
Batting: SHB Nadhir Umayr
|
0-0: Ball 1-0: Ball 2-0: Ball 3-0: Called Strike 3-1: Base on Balls
|
Batting: RHB Nestor Moreno
|
0-0: Ball 1-0: Called Strike 1-1: SINGLE (Line Drive, 7S, EV 106.2 MPH) Nadhir Umayr to second
|
Batting: SHB Ed Mosqueda
|
0-0: Foul Ball, location: 2F 0-1: Called Strike 0-2: Foul Ball, location: 2F 0-2: Foul Ball, location: 2F 0-2: Strikes out swinging
|
Batting: RHB Hisao Takei
|
0-0: Grounds into double play, 5-4-3 (Groundball, 5, EV 108.1 MPH)
|
Top of the 4th over - 0 runs, 1 hit, 0 errors, 1 left on base; Elizabethton 1 - Greeneville 1 |
BOTTOM OF THE 4TH |
Greeneville Astros batting - Pitching for Elizabethton Twins : RHP Tony Icamen
|
Batting: RHB Jarno van Lente
|
0-0: Ball 1-0: Called Strike 1-1: Called Strike 1-2: Strikes out looking
|
Batting: LHB Ryan Fridley
|
0-0: Called Strike 0-1: Swinging Strike 0-2: Ball 1-2: Strikes out swinging
|
Batting: RHB Domingas Saragoa
|
0-0: Ball 1-0: Called Strike 1-1: Swinging Strike 1-2: Fly out, F8 (Line Drive, 89M, EV 96.2 MPH)
|
Bottom of the 4th over - 0 runs, 0 hits, 0 errors, 0 left on base; Elizabethton 1 - Greeneville 1 |
TOP OF THE 5TH |
Elizabethton Twins batting - Pitching for Greeneville Astros : RHP Tony Barrios
|
Batting: LHB Raul Aldaz
|
0-0: Foul Ball, location: 2F 0-1: Ball 1-1: Ball 2-1: Ball 3-1: Swinging Strike 3-2: TRIPLE (Flyball, 78XD, EV 109.4 MPH)
|
Batting: RHB Fhil Mikrakin
|
0-0: Swinging Strike 0-1: Foul Ball, location: 2F 0-2: Ground out 2-3 (Groundball, 13S, EV 73.1 MPH)
|
Batting: RHB Ryan Starks
|
0-0: Ground out 1-3 (Groundball, 13, EV 65.0 MPH)
|
Batting: RHB Josh Harmon
|
0-0: Called Strike 0-1: Ball 1-1: Ball Wild Pitch! Raul Aldaz scores 2-1: Ball 3-1: Base on Balls
|
Pitching: RHP Vinny Salazar
|
|
Batting: LHB Bill Lorimer
|
0-0: Ball 1-0: Ball Josh Harmon steals 2nd base 2-0: Called Strike 2-1: Ball 3-1: Ground out 4-3 (Groundball, 4, EV 89.4 MPH)
|
Top of the 5th over - 1 run, 1 hit, 0 errors, 1 left on base; Elizabethton 2 - Greeneville 1 |
BOTTOM OF THE 5TH |
Greeneville Astros batting - Pitching for Elizabethton Twins : RHP Tony Icamen
|
Batting: LHB Gong Tow
|
0-0: DOUBLE (Groundball, 3L, EV 105.6 MPH)
|
Batting: RHB Devon Healy
|
0-0: Swinging Strike 0-1: Ball 1-1: Fly out, F9 (Line Drive, 89S, EV 90.6 MPH)
|
Batting: RHB John Moore
|
0-0: Foul Ball, location: 2F 0-1: Ball 1-1: Ball Wild Pitch! Gong Tow to third 2-1: Ball 3-1: Base on Balls
|
Batting: RHB Keith Goodwin
|
0-0: Called Strike 0-1: Foul Ball, location: 2F 0-2: Fly out, F3 (Popup, 3SF, EV 88.1 MPH)
|
Pitching: LHP Mike Horton
|
|
Batting: RHB Hugo Priego
|
0-0: Foul Ball, location: 2F 0-1: Ball 1-1: 3-RUN HOME RUN (Flyball, 7D, EV 99.4 MPH), Distance : 371 ft
|
Batting: RHB Roger Pelley
|
0-0: Ball 1-0: Ball 2-0: Swinging Strike 2-1: Ball 3-1: Foul Ball, location: 2F 3-2: Foul Ball, location: 2F 3-2: Foul Ball, location: 2F 3-2: SINGLE (Groundball, 6MD, EV 96.2 MPH)
|
Batting: RHB Jarno van Lente
|
0-0: SINGLE (Groundball, 34, EV 85.0 MPH) (infield hit) Roger Pelley to second
|
Batting: LHB Ryan Fridley
|
0-0: Called Strike 0-1: Ball 1-1: Swinging Strike 1-2: Strikes out swinging
|
Bottom of the 5th over - 3 runs, 4 hits, 0 errors, 2 left on base; Elizabethton 2 - Greeneville 4 |
TOP OF THE 6TH |
Elizabethton Twins batting - Pitching for Greeneville Astros : RHP Vinny Salazar
|
Batting: SHB Nadhir Umayr
|
0-0: Called Strike 0-1: Ball 1-1: Called Strike 1-2: Ball 2-2: Ball 3-2: Ground out 6-3 (Groundball, 56, EV 94.4 MPH)
|
Batting: RHB Nestor Moreno
|
0-0: Foul Ball, location: 2F 0-1: Ball 1-1: Foul Ball, location: 2F 1-2: Strikes out swinging
|
Batting: SHB Ed Mosqueda
|
0-0: Ball 1-0: Fly out, F7 (Flyball, 7LSF, EV 89.4 MPH)
|
Top of the 6th over - 0 runs, 0 hits, 0 errors, 0 left on base; Elizabethton 2 - Greeneville 4 |
BOTTOM OF THE 6TH |
Greeneville Astros batting - Pitching for Elizabethton Twins : LHP Mike Horton
|
Batting: RHB Domingas Saragoa
|
0-0: Foul Ball, location: 2F 0-1: Ground out 5-3 (Groundball, 56, EV 99.4 MPH)
|
Batting: LHB Gong Tow
|
0-0: Ball 1-0: Ball 2-0: SINGLE (Groundball, 6M, EV 106.9 MPH)
|
Batting: RHB Devon Healy
|
0-0: Ball 1-0: Fielders Choice at 2nd, 5-4 (Groundball, 5S, EV 80.6 MPH)
|
Batting: RHB John Moore
|
0-0: Ball 1-0: Called Strike 1-1: Foul Ball, location: 2F 1-2: Foul Ball, location: 2F 1-2: Ball 2-2: Ball 3-2: Base on Balls Devon Healy to second
|
Pitching: RHP Takeru Inoue
|
|
Batting: RHB Keith Goodwin
|
0-0: Ball 1-0: Ground out 5-3 (Groundball, 5S, EV 90.6 MPH)
|
Bottom of the 6th over - 0 runs, 1 hit, 0 errors, 2 left on base; Elizabethton 2 - Greeneville 4 |
TOP OF THE 7TH |
Elizabethton Twins batting - Pitching for Greeneville Astros : RHP Vinny Salazar
|
Batting: RHB Hisao Takei
|
0-0: Ball 1-0: Foul Ball, location: 2F 1-1: Called Strike 1-2: Fly out, F8 (Flyball, 8LM, EV 85.0 MPH)
|
Batting: LHB Raul Aldaz
|
0-0: Called Strike 0-1: Ball 1-1: Called Strike 1-2: Ball 2-2: Foul Ball, location: 2F 2-2: Ball 3-2: SINGLE (Line Drive, 34D, EV 95.0 MPH)
|
Batting: RHB Fhil Mikrakin
|
0-0: Ball Raul Aldaz steals 2nd base 1-0: Called Strike 1-1: Foul Ball, location: 2F 1-2: Ground out 5-3 (Groundball, 56, EV 78.1 MPH)
|
Pitching: RHP Steve Kelly
|
|
Batting: RHB Ryan Starks
|
0-0: Ball 1-0: 2-RUN HOME RUN (Flyball, 89XD, EV 109.4 MPH), Distance : 428 ft
|
Batting: RHB Josh Harmon
|
0-0: Ball 1-0: Ball 2-0: Ball 3-0: SOLO HOME RUN (Flyball, 7LD, EV 97.5 MPH), Distance : 354 ft
|
Batting: LHB Bill Lorimer
|
0-0: Called Strike 0-1: Foul Ball, location: 2F 0-2: Ball 1-2: Strikes out looking
|
Top of the 7th over - 3 runs, 3 hits, 0 errors, 0 left on base; Elizabethton 5 - Greeneville 4 |
BOTTOM OF THE 7TH |
Greeneville Astros batting - Pitching for Elizabethton Twins : RHP Takeru Inoue
|
Now in LF: Raul Aldaz
|
|
Now in RF: David Ramos
|
|
Batting: RHB Hugo Priego
|
0-0: Swinging Strike 0-1: Foul Ball, location: 2F 0-2: Ball 1-2: Ball 2-2: SOLO HOME RUN (Flyball, 9D, EV 100.6 MPH), Distance : 395 ft
|
Batting: RHB Roger Pelley
|
0-0: Ground out 6-3 (Groundball, 6, EV 81.9 MPH)
|
Batting: RHB Jarno van Lente
|
0-0: Ball 1-0: Called Strike 1-1: Ground out 5-3 (Groundball, 56, EV 79.4 MPH)
|
Batting: LHB Ryan Fridley
|
0-0: Foul Ball, location: 2F 0-1: Swinging Strike 0-2: Ball 1-2: Foul Ball, location: 2F 1-2: Strikes out swinging
|
Bottom of the 7th over - 1 run, 1 hit, 0 errors, 0 left on base; Elizabethton 5 - Greeneville 5 |
TOP OF THE 8TH |
Elizabethton Twins batting - Pitching for Greeneville Astros : RHP Steve Kelly
|
Batting: SHB Nadhir Umayr
|
0-0: Ball 1-0: Ground out 6-3 (Groundball, 6, EV 81.2 MPH)
|
Pinch Hitting: LHB George Roben
|
0-0: SOLO HOME RUN (Flyball, 89XD, EV 104.4 MPH), Distance : 422 ft
|
Pitching: LHP Jim Leeman
|
|
Batting: SHB Ed Mosqueda
|
0-0: Ball 1-0: Ball 2-0: Called Strike 2-1: Ball 3-1: Called Strike 3-2: Strikes out swinging
|
Batting: RHB Hisao Takei
|
0-0: Ground out 6-3 (Groundball, 6, EV 93.1 MPH)
|
Top of the 8th over - 1 run, 1 hit, 0 errors, 0 left on base; Elizabethton 6 - Greeneville 5 |
BOTTOM OF THE 8TH |
Greeneville Astros batting - Pitching for Elizabethton Twins : RHP Takeru Inoue
|
Now in CF: Kenny Reynolds
|
|
Batting: RHB Domingas Saragoa
|
0-0: Called Strike 0-1: Swinging Strike 0-2: Strikes out swinging
|
Batting: LHB Gong Tow
|
0-0: Ball 1-0: Ball 2-0: Fly out, F6 (Popup, 6, EV 80.6 MPH)
|
Pitching: LHP Choji Tominaga
|
|
Batting: RHB Devon Healy
|
0-0: Ground out 1-3 (Groundball, 34S, EV 68.8 MPH)
|
Bottom of the 8th over - 0 runs, 0 hits, 0 errors, 0 left on base; Elizabethton 6 - Greeneville 5 |
TOP OF THE 9TH |
Elizabethton Twins batting - Pitching for Greeneville Astros : LHP Jim Leeman
|
Batting: LHB Raul Aldaz
|
0-0: Ball 1-0: Swinging Strike 1-1: Swinging Strike 1-2: Strikes out swinging
|
Batting: RHB Fhil Mikrakin
|
0-0: Foul Ball, location: 2F 0-1: Called Strike 0-2: Strikes out swinging
|
Batting: RHB Ryan Starks
|
0-0: Called Strike 0-1: Ball 1-1: Foul Ball, location: 2F 1-2: Foul Ball, location: 2F 1-2: Foul Ball, location: 2F 1-2: Foul Ball, location: 2F 1-2: Foul Ball, location: 2F 1-2: Ball 2-2: Ball 3-2: Fly out, F6 (Line Drive, 6MD, EV 68.8 MPH)
|
Top of the 9th over - 0 runs, 0 hits, 0 errors, 0 left on base; Elizabethton 6 - Greeneville 5 |
BOTTOM OF THE 9TH |
Greeneville Astros batting - Pitching for Elizabethton Twins : LHP Choji Tominaga
|
Pitching: RHP Ron Didkowsky
|
|
Batting: RHB John Moore
|
0-0: Hit by Pitch
|
Batting: RHB Keith Goodwin
|
0-0: Called Strike 0-1: Swinging Strike 0-2: Strikes out swinging
|
Batting: RHB Hugo Priego
|
0-0: Called Strike 0-1: Foul Ball, location: 2F 0-2: Strikes out looking
|
Batting: RHB Roger Pelley
|
0-0: Called Strike 0-1: Called Strike 0-2: Ball 1-2: Ball 2-2: Strikes out swinging
|
Bottom of the 9th over - 0 runs, 0 hits, 0 errors, 1 left on base; Elizabethton 6 - Greeneville 5 |
|